 Dungeon Sprint DCSS version 0.22.1-2-g9c5b331 (webtiles) character file.

57641 diana the Peltast (level 15, -6/150 HPs)
             Began as a Formicid Fighter on Dec 10, 2018.
             Was the Champion of Cheibriados.
             Killed from afar by Nikola (14 damage)
             ... with a chain lightning
             ... in the Dungeon (Sprint IX: "|||||||||||||||||||||||||||||").
             The game lasted 00:14:49 (4584 turns).

diana the Peltast (Formicid Fighter)                Turns: 4584, Time: 00:14:50

Health: -6/150     AC: 29    Str: 39    XL:     15   Next: 26%
Magic:  23/28      EV: 26    Int: 24    God:    Cheibriados [******]
Gold:   1523       SH: 20    Dex: 27    Spells: 14/14 levels left

rFire    . . .     SeeInvis +   h - +3 great sword
rCold    + + .     Gourm    .   w - +1 shield {AC+3}
rNeg     . . .     Faith    .   v - +2 plate armour {MR+}
rPois    .         Spirit   .   (helmet unavailable)
rElec    .         Reflect  .   r - +0 cloak
rCorr    .         Harm     .   q - +0 pair of gloves
MR       ++...                  b - +0 pair of boots
Stlth    ..........             (no amulet)
HPRegen  0.35/turn              y - ring of protection from cold
MPRegen  0.21/turn              u - +2 ring of evasion

@: very slow
A: permanent stasis, dig shafts and tunnels, four strong arms, antennae 3, cold
resistance 1, robust 1
a: Dig, Bend Time, Temporal Distortion, Slouch, Step From Time, Renounce
Religion


You were in the Dungeon.
You worshipped Cheibriados.
Cheibriados was exalted by your worship.
You were not hungry.

You visited 1 branch You collected 1830 gold pieces.
You spent 307 gold pieces at shops.

Inventory:

Hand Weapons
 h - a +3 great sword (weapon)
 p - a +2 scimitar of freezing
 A - a +1 longbow
 C - a +2 scimitar of flaming
Missiles
 D - 11 javelins (quivered)
 E - a throwing net
Armour
 b - a +0 pair of boots (worn)
 j - +0 fire dragon scales
 q - a +0 pair of gloves (worn)
 r - a +0 cloak (worn)
 v - a +2 plate armour of magic resistance (worn)
 w - a +1 shield of protection (worn)
Jewellery
 t - a +3 ring of intelligence
 u - a +2 ring of evasion (right hand)
 x - an uncursed ring of protection from fire
 y - a ring of protection from cold (left hand)
 z - an uncursed ring of poison resistance
Wands
 o - a wand of acid (10)
Scrolls
 c - a scroll of fear
 m - 6 scrolls of remove curse
 n - 2 scrolls of amnesia
Potions
 a - 2 potions of agility
 d - 4 potions of might
 e - a potion of invisibility
 g - 4 potions of heal wounds
 i - 4 potions of magic
 l - 6 potions of curing
 B - a potion of degeneration
Comestibles
 f - 13 rations


   Skills:
 + Level 18.7 Fighting
 + Level 14.8 Long Blades
 + Level 18.7 Armour
 + Level 16.0 Dodging
 + Level 20.2 Shields
 - Level 18.0 Invocations


You had 14 spell levels left.
You didn't know any spells.
Your spell library was empty.

Dungeon Overview and Level Annotations

Branches:
Dungeon (1/1)

Altars:
Cheibriados
Dithmenos
Elyvilon
Fedhas
Gozag
Hepliaklqana
Kikubaaqudgha
Makhleb
Nemelex Xobeh
Okawaru
Qazlal
Ru
Sif Muna
Trog
Uskayaw
Vehumet
Wu Jian
Xom
Yredelemnul
Zin
The Shining One
Beogh
Jiyva
Lugonu

Shops:
D ([?%

Annotations:
D Nikola


Innate Abilities, Weirdness & Mutations

You cannot be hasted, slowed, berserked, paralysed or teleported.
You can dig through walls and to a lower floor.
Your four strong arms can wield two-handed weapons with a shield.
You have a pair of large antennae on your head. (SInv)
Your flesh is cold resistant. (rC+)
You are robust. (+10% HP)


Message History

The lightning arc hits you!
Nikola points at you and mumbles some strange words.
The bolt of lightning misses you.
You are too injured to fight recklessly!
You are too injured to fight recklessly!
You are too injured to fight recklessly!
You are too injured to fight recklessly!
You are too injured to fight recklessly!
You are too injured to fight recklessly!
You are too injured to fight recklessly!
You are too injured to fight recklessly!
You can feel time thicken for a moment.
You feel somewhat more hungry.
Nikola mumbles some strange words.
You hear a mighty clap of thunder!
The lightning arc hits you!
* * * LOW HITPOINT WARNING * * *
The lightning arc hits Nikola.
The lightning arc hits you!
* * * LOW HITPOINT WARNING * * *
The lightning arc hits Nikola.
The lightning arc hits you!
You die... {{{{{{{{{ {{{{{{{{{{{{{

▓▓▓▓▓▓▓▓▓▓▓▓▓▓▓▓▓▓▓▓▓▓▓▓
...@...@................
▓▓▓▓▓▓▓▓▓▓▓▓▓▓▓▓▓▓▓▓▓▓▓▓▓▓▓▓▓▓▓▓▓
.[))))).)....†......))))()).†....
▓▓▓▓▓▓▓▓▓▓▓▓▓▓▓▓▓▓▓▓▓▓▓▓▓▓▓▓▓▓▓▓▓
.....)...........................
▓▓▓▓▓▓▓▓▓♣♣♣♣♣♣♣♣♣♣▓▓▓▓▓▓▓▓▓▓▓▓▓▓
?)÷......'†........'..†.††...'(((
▓▓▓▓▓▓▓▓▓♣♣♣♣♣♣♣♣♣♣▓▓▓▓▓▓▓▓▓▓▓▓▓▓
.....††..........................


You could see Nikola.

Vanquished Creatures
  A tengu reaver (D)
  A nagaraja (D)
  A frost giant (D)
  A vault warden (D)
  3 ironheart preservers (D)
  A very ugly thing (D)
  2 stone giants (D)
  Azrael (D)
  A spark wasp (D)
  A merfolk javelineer (D)
  A yaktaur captain (D)
  Josephine (D)
  3 fire dragons (D)
  2 ogre magi (D)
  A great orb of eyes (D)
  A hydra (D)
  2 ice dragons (D)
  2 alligators (D)
  A deep troll earth mage (D)
  A merfolk aquamancer (D)
  2 centaur warriors (D)
  2 tengu warriors (D)
  A vampire mage (D)
  A spriggan berserker (D)
  A naga sharpshooter (D)
  3 orc high priests (D)
  A sea snake (D)
  2 swamp dragons (D)
  A glowing orange brain (D)
  A deep elf archer (D)
  2 ironbrand convokers (D)
  2 orb spiders (D)
  An ugly thing (D)
  2 harpies (D)
  4 orc sorcerers (D)
  4 orc knights (D)
  3 cyclopes (D)
  3 manticores (D)
  Maurice (D)
  A water nymph (D)
  2 vault sentinels (D)
  5 black mambas (D)
  3 naga magi (D)
  A torpor snail (D)
  4 spiny frogs (D)
  2 komodo dragons (D)
  A troll (D)
  A yaktaur (D)
  A troll (shapeshifter) (D)
  3 polar bears (D)
  A jumping spider (D)
  A meliai (D)
  A tyrant leech (D)
  A merfolk (D)
  A blink frog (D)
  A hornet (D)
  3 slime creatures (D)
  3 hippogriffs (D)
  2 redbacks (D)
  A redback (shapeshifter) (D)
  A water elemental (D)
  A tarantella (shapeshifter) (D)
  Eustachio (D)
  2 wyverns (D)
  A tarantella (D)
  A fire elemental (D)
  5 wraiths (D)
  Grum (D)
  A hog (shapeshifter) (D)
  An insubstantial wisp (D)
  A vampire mosquito (D)
  An acid dragon (D)
  5 hell hounds (D)
  A water moccasin (D)
  A porcupine (D)
  5 black bears (D)
  10 orc warriors (D)
  2 boggarts (D)
  2 wolves (D)
  A centaur (D)
  2 crocodiles (D)
  An ogre (D)
  A big kobold (D)
  3 bullfrogs (D)
  A jelly (D)
  3 orc priests (D)
  2 orc wizards (D)
  An iguana (D)
  4 worker ants (D)
  2 leopard geckos (D)
  14 orcs (D)
  A goblin (D)
  A hobgoblin (D)
  A kobold (D)
  A ball python (D)
  A bat (D)
  A giant cockroach simulacrum (D)
  A giant cockroach zombie (D)
189 creatures vanquished.

Vanquished Creatures (others)
  An ironheart preserver (D)
  A wolf spider (D)
  A yaktaur (D)
3 creatures vanquished.

Grand Total: 192 creatures vanquished

Notes
Turn   | Place    | Note
-------+----------+-------------------------------------------
     0 | D        | diana the Formicid Fighter began the quest for the Orb.
     0 | D        | Reached XP level 1. HP: 18/18 MP: 1/1
    13 | D        | Reached skill level 4 in Shields
    16 | D        | Reached skill level 1 in Dodging
    16 | D        | Reached XP level 2. HP: 19/25 MP: 2/2
   102 | D        | Reached XP level 3. HP: 12/30 MP: 3/3
   114 | D        | Reached skill level 5 in Shields
   114 | D        | Reached XP level 4. HP: 12/38 MP: 4/4
   118 | D        | Reached skill level 5 in Fighting
   118 | D        | Reached skill level 5 in Long Blades
   118 | D        | Reached skill level 5 in Armour
   354 | D        | Found a roughly hewn altar of Beogh.
   354 | D        | Found a snail-covered altar of Cheibriados.
   354 | D        | Found a shadowy altar of Dithmenos.
   354 | D        | Found a white marble altar of Elyvilon.
   354 | D        | Found a blossoming altar of Fedhas.
   354 | D        | Found an opulent altar of Gozag.
   355 | D        | Found a hazy altar of Hepliaklqana.
   356 | D        | Found a viscous altar of Jiyva.
   357 | D        | Found an ancient bone altar of Kikubaaqudgha.
   358 | D        | Became a worshipper of Cheibriados the Contemplative
   359 | D        | Found a corrupted altar of Lugonu.
   360 | D        | Found a burning altar of Makhleb.
   361 | D        | Found a sparkling altar of Nemelex Xobeh.
   362 | D        | Found an iron altar of Okawaru.
   363 | D        | Found a stormy altar of Qazlal.
   364 | D        | Found a sacrificial altar of Ru.
   365 | D        | Found a deep blue altar of Sif Muna.
   366 | D        | Found a bloodstained altar of Trog.
   367 | D        | Found a hide-covered altar of Uskayaw.
   368 | D        | Found a radiant altar of Vehumet.
   369 | D        | Found an ornate altar of the Wu Jian Council.
   370 | D        | Found a shimmering altar of Xom.
   371 | D        | Found a basalt altar of Yredelemnul.
   372 | D        | Found a glowing silver altar of Zin.
   373 | D        | Found a glowing golden altar of the Shining One.
   424 | D        | Noticed a big kobold
   424 | D        | Noticed an orc warrior
   424 | D        | Noticed a hippogriff
   424 | D        | Noticed an ogre
   427 | D        | Killed a big kobold
   427 | D        | Reached skill level 6 in Shields
   427 | D        | Reached XP level 5. HP: 46/46 MP: 5/5
   449 | D        | Killed an orc warrior
   449 | D        | Reached * piety under Cheibriados
   449 | D        | Reached skill level 7 in Shields
   449 | D        | Reached XP level 6. HP: 43/53 MP: 6/6
   457 | D        | Killed a hippogriff
   457 | D        | Reached skill level 5 in Dodging
   457 | D        | Reached skill level 8 in Shields
   457 | D        | Reached XP level 7. HP: 36/60 MP: 7/7
   463 | D        | Reached ** piety under Cheibriados
   642 | D        | Noticed a meliai
   642 | D        | Noticed a cyclops
   642 | D        | Noticed an acid dragon
   642 | D        | Noticed a centaur warrior
   648 | D        | Killed a meliai
   648 | D        | Reached *** piety under Cheibriados
   648 | D        | Reached skill level 9 in Shields
   648 | D        | Reached XP level 8. HP: 57/68 MP: 8/8
   655 | D        | Killed a cyclops
   655 | D        | Reached skill level 10 in Long Blades
   658 | D        | Reached **** piety under Cheibriados
   669 | D        | Killed a centaur warrior
   669 | D        | Reached ***** piety under Cheibriados
   669 | D        | Reached skill level 10 in Shields
   669 | D        | Reached XP level 9. HP: 32/78 MP: 9/9
  1011 | D        | Gained mutation: Your flesh is cold resistant. (rC+)
                  | [potion of mutation]
  1011 | D        | Gained mutation: You are robust. (+10% HP) [potion of
                  | mutation]
  1040 | D        | Noticed a spiny frog
  1040 | D        | Noticed a spiny frog
  1040 | D        | Noticed a spiny frog
  1040 | D        | Noticed a komodo dragon
  1042 | D        | Killed a spiny frog
  1047 | D        | Killed a spiny frog
  1047 | D        | Reached skill level 10 in Fighting
  1048 | D        | Reached skill level 10 in Armour
  1048 | D        | Reached skill level 11 in Shields
  1048 | D        | Noticed a black mamba
  1049 | D        | Killed a spiny frog
  1049 | D        | Reached skill level 5 in Invocations
  1049 | D        | Reached XP level 10. HP: 93/93 MP: 9/14
  1053 | D        | Killed a komodo dragon
  1060 | D        | Reached ****** piety under Cheibriados
  1071 | D        | Killed a black mamba
  1099 | D        | Noticed a komodo dragon
  1111 | D        | Killed a komodo dragon
  1128 | D        | Reached skill level 12 in Shields
  1157 | D        | Reached XP level 11. HP: 99/102 MP: 17/17
  1227 | D        | Noticed Maurice
  1237 | D        | Killed Maurice
  1237 | D        | Reached skill level 10 in Invocations
  1433 | D        | Noticed an orc sorcerer
  1437 | D        | Noticed a soul eater
  1445 | D        | Killed an orc sorcerer
  1457 | D        | Reached skill level 13 in Shields
  1490 | D        | Found Woikliuk's Weapon Emporium.
  1490 | D        | Noticed an orc high priest
  1490 | D        | Noticed an orc sorcerer
  1490 | D        | Noticed an orc sorcerer
  1490 | D        | Noticed an orc high priest
  1495 | D        | Killed an orc high priest
  1495 | D        | Reached skill level 10 in Dodging
  1495 | D        | Noticed an orc high priest
  1504 | D        | Killed an orc sorcerer
  1510 | D        | Noticed a soul eater
  1516 | D        | Found Nauxkux's Antique Armour Shoppe.
  1520 | D        | Killed an orc sorcerer
  1521 | D        | Noticed an orc high priest
  1527 | D        | Killed an orc high priest
  1529 | D        | Noticed a sun demon
  1532 | D        | Noticed an orc sorcerer
  1536 | D        | Killed an orc sorcerer
  1576 | D        | Noticed an orc knight
  1584 | D        | Killed an orc knight
  1781 | D        | Found Meaggal's Magic Scroll Emporium.
  1785 | D        | Found Cicvakk's Food Shoppe.
  1834 | D        | Noticed a soul eater
  1847 | D        | Killed an orc high priest
  1847 | D        | Reached skill level 14 in Shields
  1847 | D        | Reached XP level 12. HP: 97/115 MP: 20/20
  1939 | D        | Bought a glowing shield for 142 gold pieces
  1945 | D        | Bought a ration for 55 gold pieces
  1945 | D        | Bought a ration for 55 gold pieces
  1945 | D        | Bought a ration for 55 gold pieces
  2004 | D        | Noticed Eustachio
  2010 | D        | Killed Eustachio
  2011 | D        | Noticed Grum
  2017 | D        | Killed Grum
  2175 | D        | Noticed a centaur warrior
  2179 | D        | Killed a centaur warrior
  2188 | D        | Noticed a fire dragon
  2189 | D        | Noticed a glowing orange brain
  2195 | D        | Noticed a great orb of eyes
  2199 | D        | Killed a glowing orange brain
  2199 | D        | Noticed a death drake
  2210 | D        | Noticed a stone giant
  2215 | D        | Killed a fire dragon
  2215 | D        | Reached skill level 15 in Shields
  2216 | D        | Noticed a deep troll earth mage
  2223 | D        | Killed a great orb of eyes
  2235 | D        | a death drake changed into a torpor snail
  2237 | D        | HP: 3/117 [stone giant (27)]
  2241 | D        | Killed a stone giant
  2254 | D        | Killed a deep troll earth mage
  2537 | D        | Noticed Azrael
  2555 | D        | Killed Azrael
  2555 | D        | Reached XP level 13. HP: 88/125 MP: 23/23
  2736 | D        | Noticed a merfolk javelineer
  2748 | D        | Reached skill level 16 in Shields
  2752 | D        | Reached skill level 15 in Fighting
  2752 | D        | Reached skill level 15 in Armour
  2760 | D        | Killed a merfolk javelineer
  3074 | D        | Noticed a four-headed hydra
  3085 | D        | Killed a one-headed hydra
  3110 | D        | Reached skill level 15 in Invocations
  3114 | D        | Reached skill level 17 in Shields
  3238 | D        | Noticed a spark wasp
  3248 | D        | Killed a spark wasp
  3328 | D        | Noticed a nagaraja
  3354 | D        | Killed a nagaraja
  3354 | D        | Reached XP level 14. HP: 63/138 MP: 25/25
  3764 | D        | Noticed Josephine
  3778 | D        | Killed Josephine
  3778 | D        | Reached skill level 18 in Shields
  3866 | D        | Noticed a stone giant
  3867 | D        | Noticed a frost giant
  3877 | D        | Noticed a tengu reaver
  3890 | D        | Killed a stone giant
  3897 | D        | Killed a tengu reaver
  3900 | D        | Killed a frost giant
  3900 | D        | Reached skill level 15 in Dodging
  3900 | D        | Reached skill level 19 in Shields
  4124 | D        | Noticed a white very ugly thing
  4133 | D        | Killed a white very ugly thing
  4273 | D        | Noticed a vault warden
  4273 | D        | Noticed an ironheart preserver
  4273 | D        | Noticed an ironheart preserver
  4288 | D        | Killed an ironheart preserver
  4288 | D        | Killed an ironheart preserver
  4291 | D        | Killed a vault warden
  4293 | D        | Reached XP level 15. HP: 119/149 MP: 17/28
  4305 | D        | Noticed an ironheart preserver
  4315 | D        | Killed an ironheart preserver
  4322 | D        | Noticed an ironheart preserver
  4340 | D        | Reached skill level 20 in Shields
  4356 | D        | Killed an ironheart preserver
  4564 | D        | Noticed Nikola
  4584 | D        | Killed from afar by Nikola

Skill      XL: |  1  2  3  4  5  6  7  8  9 10 11 12 13 14 15 |
---------------+----------------------------------------------+-----
Shields        | 4 5 6 7 8 9 10 11 12 14 15 17 19 20 | 20.2
Dodging        | 1 2 3 4 5 7 8 10 12 13 15 16 | 16.0
Long Blades    | 3 4 6 7 8 9 11 12 13 14 | 14.8
Fighting       | 4 5 6 7 8 9 10 11 13 14 16 18 | 18.7
Armour         | 4 5 6 7 8 9 10 11 12 14 16 18 | 18.7
Invocations    | 5 9 11 13 15 18 | 18.0

Action                   |  1- 3 |  4- 6 |  7- 9 | 10-12 | 13-15 || total
-------------------------+-------+-------+-------+-------+-------++-------
Melee: Long sword        |    43 |     4 |       |       |       ||    47
       Scimitar          |       |    33 |    43 |   298 |   207 ||   581
       Great sword       |       |       |       |       |   108 ||   108
Invok: Bend Time         |       |       |       |     2 |       ||     2
       Temporal Distorti |       |       |       |     2 |       ||     2
       Step From Time    |       |       |       |     1 |       ||     1
       Slouch            |       |       |       |       |    18 ||    18
 Abil: Dig               |       |     2 |       |       |       ||     2
  Use: Potion            |     1 |       |     1 |     3 |       ||     5
       Scroll            |       |       |       |       |     1 ||     1
  Eat: Ration            |       |       |       |     1 |       ||     1
       Chunk             |       |       |       |       |     6 ||     6
Armor: Scale mail        |    16 |       |       |       |       ||    16
       Chain mail        |       |    10 |       |       |       ||    10
       Plate armour      |       |       |     8 |    41 |    44 ||    93
Dodge: Dodged            |    13 |    13 |    16 |    99 |   118 ||   259
Block: Shield            |    18 |    23 |    22 |   190 |   212 ||   465
       Rpst.: Long sword |     2 |       |       |       |       ||     2
       Scimitar          |       |       |     5 |    14 |    19 ||    38
       Great sword       |       |       |       |       |     6 ||     6
